 Dungeon Crawl Stone Soup version 0.22-a0-69-g116c2a8 (webtiles) character file.

3448 gmonis the Arsonist (level 9, 0/62 HPs)
             Began as a Green Draconian Fire Elementalist on Jan 10, 2018.
             Was a Believer of Vehumet.
             Slain by a killer bee (6 damage)
             ... on level 6 of the Dungeon on Jan 11, 2018.
             The game lasted 00:30:05 (10248 turns).

gmonis the Arsonist (DrFE)                         Turns: 10248, Time: 00:30:06

Health: 0/62       AC: 11    Str: 10    XL:     9   Next: 77%
Magic:  3/18       EV: 12    Int: 18    God:    Vehumet [**....]
Gold:   307        SH:  0    Dex: 13    Spells: 7/20 levels left

rFire    . . .     SeeInvis .   j - +2 quarterstaff (speed)
rCold    . . .     Gourm    .   (shield currently unavailable)
rNeg     . . .     Faith    .   (armour unavailable)
rPois    +         Spirit   .   (helmet restricted)
rElec    .         Reflect  .   i - +2 cloak
rCorr    .         Harm     .   G - +0 pair of gloves
MR       .....                  (no boots)
Stlth    ++........             (no amulet)
HPRegen  0.20/turn              (no ring)
MPRegen  0.16/turn              (no ring)

@: no status effects
A: breathe noxious fumes, unfitting armour, poison resistance, cold-blooded, AC
+7
a: Breathe Noxious Fumes, Renounce Religion


You were on level 6 of the Dungeon.
You worshipped Vehumet.
Vehumet was pleased with you.
You were not hungry.

You visited 2 branches of the dungeon, and saw 8 of its levels.

You collected 307 gold pieces.

Inventory:

Hand Weapons
 j - a +2 quarterstaff of speed (weapon)
Missiles
 h - 189 stones (quivered)
Armour
 i - a +2 cloak (worn)
 G - a +0 pair of gloves (worn)
Jewellery
 g - an uncursed amulet of magic regeneration {unknown}
 p - an uncursed amulet of regeneration {unknown}
Wands
 m - a wand of digging (14)
 A - a wand of flame (18)
 E - a wand of random effects (11)
 I - a wand of scattershot (4)
Scrolls
 c - a scroll of fear {unknown}
 f - 3 scrolls of amnesia {unknown}
 k - 3 scrolls of remove curse {unknown}
 l - a scroll of enchant weapon {unknown}
 o - 10 scrolls of identify {unknown}
 t - a scroll of enchant armour {unknown}
 v - 3 scrolls of teleportation {unknown}
 x - 2 scrolls of magic mapping {unknown}
 y - a scroll of noise {unknown}
 H - a scroll of acquirement {unknown}
Potions
 d - 3 potions of curing {unknown}
 e - a potion of agility {unknown}
 n - 3 potions of magic {unknown}
 q - a potion of heal wounds {unknown}
 r - a potion of invisibility {unknown}
 s - 3 potions of lignification {unknown}
 u - a potion of mutation {unknown}
 w - 2 potions of berserk rage {unknown}
 B - a potion of degeneration {unknown}
 C - a potion of haste {unknown}
 D - 2 potions of brilliance {unknown}
 F - a potion of ambrosia {unknown}
Books
 a - a book of Flames

   Spells                             Type                      Level
   a - Flame Tongue                   Conjuration/Fire             1
   b - Throw Flame                    Conjuration/Fire             2
   c - Conjure Flame                  Conjuration/Fire             3
   d - Inner Flame                    Hexes/Fire                   3
   e - Sticky Flame                   Conjuration/Fire             4
   f - Fireball                       Conjuration/Fire             5
 z - a book of Changes

   Spells                             Type                      Level
   a - Beastly Appendage              Transmutation                1
   b - Sticks to Snakes               Transmutation                2
   c - Spider Form                    Transmutation/Poison         3
   d - Ice Form                       Ice/Transmutation            4
   e - Blade Hands                    Transmutation                5
Comestibles
 b - 8 rations
 J - 3 chunks of flesh


   Skills:
 - Level 1.7 Dodging
 - Level 1.7 Stealth
 + Level 6.2 Spellcasting
 * Level 8.6 Conjurations
 * Level 9.5 Fire Magic


You had 7 spell levels left.
You knew the following spells:

 Your Spells              Type           Power        Failure   Level  Hunger
a - Flame Tongue          Conj/Fire      #####        1%          1    None
b - Conjure Flame         Conj/Fire      #####...     1%          3    ##.....
c - Sticky Flame          Conj/Fire      #####...     2%          4    ####...
d - Fireball              Conj/Fire      #####.....   8%          5    #####..


Dungeon Overview and Level Annotations

Branches:
Dungeon (7/15)             Temple (1/1) D:4

Altars:
Ashenzari
Cheibriados
Dithmenos
Elyvilon
Fedhas
Gozag
Hepliaklqana
Makhleb
Nemelex Xobeh
Okawaru
Qazlal
Ru
Sif Muna
Trog
Uskayaw
Vehumet
Xom
Yredelemnul
Zin
The Shining One


Innate Abilities, Weirdness & Mutations

You can breathe blasts of noxious fumes.
Your lurid green scales are hard. (AC +7)
You cannot fit into any form of body armour.
Your system is resistant to poisons. (rPois)
You are cold-blooded and may be slowed by cold attacks.


Message History

You climb upwards.
There is a stone staircase leading down here.
Casting: Flame Tongue
Confirm with . or Enter, or press ? or * to list all spells.
Aiming: Flame Tongue
Press: ? - help, Shift-Dir - straight line, f - killer bee
Aim: a killer bee (moderately wounded)
The flame tongue hits the killer bee.
The killer bee is almost dead.
The killer bee stings you.
* * * LOW HITPOINT WARNING * * *
The killer bee stings you but does no damage.
You completely miss the killer bee.
Your tail-slap misses the killer bee.
The killer bee is almost dead.
The killer bee closely misses you. x2
You closely miss the killer bee.
The killer bee is almost dead.
The killer bee stings you but does no damage.
The killer bee stings you.
You die...

####### ######
#.....###### #.....
#######.....##...#
#.####
#......y@...##.#.# #.#
#
#.#####.....##.#.###.#
# #.# #........#.....#
# #.# ###...#######).#
# ##.## ###....#.((.##
# #.#<# ####...#### #
##.## #8.8######## #.#
#...#....... #.#
###8.8####.###


You could see a killer bee.

Vanquished Creatures
  Pikel (D:5)
  Sigmund (D:4)
  A black bear (D:6)
  2 orc warriors (D:6)
  2 ice beasts
  2 sky beasts
  3 eyes of draining (D:4)
  2 phantoms
  2 big kobolds (D:5)
  A bullfrog (D:6)
  2 scorpions (D:5)
  9 killer bees
  5 jellies
  A centaur skeleton (D:5)
  2 orc priests (D:5)
  2 hounds
  8 orc wizards
  Jessica (D:2)
  6 worker ants
  Ijyb (D:4)
  2 iguanas
  A hound zombie (D:6)
  A hound skeleton (D:5)
  A worker ant zombie (D:5)
  7 gnolls (D:4)
  7 adders
  7 oozes
  An adder zombie (D:5)
  2 worms
  3 dart slugs
  14 orcs
  8 bats
  7 giant cockroaches
  3 goblins
  8 hobgoblins
  25 kobolds
  4 quokkas
  2 ball pythons
  7 frilled lizards
  A jackal skeleton (D:4)
  A jackal zombie (D:6)
  A leopard gecko skeleton (D:4)
  2 quokka skeletons
  A quokka zombie (D:6)
  6 rats
176 creatures vanquished.

Vanquished Creatures (others)
  A kobold (D:2)
  A fungus (D:4)
  5 toadstools (D:4)
7 creatures vanquished.

Grand Total: 183 creatures vanquished

Notes
Turn   | Place    | Note
-------+----------+-------------------------------------------
     0 | D:1      | gmonis the Draconian Fire Elementalist began the quest for the Orb.
     0 | D:1      | Reached XP level 1. HP: 14/14 MP: 3/3
     6 | D:1      | Noticed a swamp drake
     6 | D:1      | Noticed a worker ant
     7 | D:1      | Noticed a salamander
     7 | D:1      | Noticed a polar bear
   300 | D:1      | Reached XP level 2. HP: 20/20 MP: 0/5
  1204 | D:1      | Reached XP level 3. HP: 26/26 MP: 1/6
  1658 | D:2      | Found a white marble altar of Elyvilon.
  1678 | D:2      | Noticed Jessica
  1683 | D:2      | Killed Jessica
  1683 | D:2      | Reached skill level 4 in Fire Magic
  1800 | D:2      | Reached XP level 4. HP: 33/33 MP: 4/7
  2461 | D:3      | Found a sparkling altar of Nemelex Xobeh.
  2763 | D:3      | Found a faded altar of an unknown god.
  3539 | D:3      | Reached XP level 5. HP: 21/38 MP: 1/9
  3958 | D:4      | Found an opulent altar of Gozag.
  3965 | D:4      | Found a staircase to the Ecumenical Temple.
  3971 | Temple   | Entered the Ecumenical Temple
  4057 | D:4      | Reached skill level 5 in Fire Magic
  4359 | Temple   | Became a worshipper of Vehumet
  4394 | D:4      | Learned a level 3 spell: Conjure Flame
  4399 | D:4      | Learned a level 4 spell: Sticky Flame
  4897 | D:4      | Reached XP level 6. HP: 45/45 MP: 7/10
  5741 | D:4      | Reached * piety under Vehumet
  5741 | D:4      | Offered knowledge of Magic Dart by Vehumet.
  5763 | D:4      | Noticed Ijyb
  5765 | D:4      | Noticed Sigmund
  5775 | D:4      | Killed Ijyb
  5775 | D:4      | Your scales start taking on a lurid green colour.
  5775 | D:4      | Reached XP level 7. HP: 49/50 MP: 1/12
  5775 | D:4      | Gained mutation: Your system is resistant to poisons. (rPois) [Green Draconian growth]
  5861 | D:4      | Killed Sigmund
  5861 | D:4      | Reached skill level 6 in Fire Magic
  5967 | D:4      | Found a bloodstained altar of Trog.
  5988 | D:4      | Reached skill level 5 in Conjurations
  6168 | D:5      | Entered Level 5 of the Dungeon
  6218 | D:5      | Reached XP level 8. HP: 57/57 MP: 9/14
  6281 | D:5      | Reached skill level 7 in Fire Magic
  7382 | D:5      | Reached skill level 5 in Spellcasting
  7401 | D:5      | Upgraded the game from 0.22-a0-63-geddfa9b to 0.22-a0-69-g116c2a8
  7850 | D:5      | Offered knowledge of Shock by Vehumet.
  7850 | D:5      | Reached skill level 8 in Fire Magic
  7994 | D:5      | Noticed Pikel
  8001 | D:5      | Reached ** piety under Vehumet
  8015 | D:5      | Killed Pikel
  8015 | D:5      | Reached XP level 9. HP: 49/62 MP: 15/17
  9129 | D:6      | Reached skill level 9 in Fire Magic
  9533 | D:6      | Learned a level 5 spell: Fireball
 10051 | D:6      | Found a deep blue altar of Sif Muna.
 10068 | D:6      | Offered knowledge of Searing Ray by Vehumet.
 10248 | D:6      | Slain by a killer bee

Vault maps used:
D:1:      onia_arrival_zoo_common
D:2:      elyvilon_altar_4, uniq_jessica
D:3:      lemuel_doored_altar, first_ration, chequers_ecumenical_altar_lobes
D:4:      cheibrodos_fertilizer, lemuel_round_altar, temple_statues,
          minmay_misc_feat_four_crosses, trog_eyes_of_draining, uniq_ijyb,
          uniq_sigmund
D:5:      cheibrodos_thug_alley, grunt_decor_one_mirror, uniq_pikel
D:6:      kennysheep_orc_sif_temple
D:7:      basic_altar, grunt_livestock
Temple:   nicolae_temple_x_marks_the_god

Skill      XL: |  1  2  3  4  5  6  7  8  9 |
---------------+----------------------------+-----
Fire Magic     | 4 5 6 8 9 |  9.5
Conjurations   | 2 3 4 5 7 8 |  8.6
Spellcasting   | 3 4 5 6 |  6.2
Dodging        | |  1.7
Stealth        | |  1.7

Action                   |  1- 3 |  4- 6 |  7- 9 || total
-------------------------+-------+-------+-------++-------
Melee: Unarmed           |     9 |       |       ||     9
       Tailslap          |     1 |       |    11 ||    12
       Quarterstaff      |       |     9 |   132 ||   141
 Cast: Flame Tongue      |    55 |   156 |   155 ||   366
       Sticky Flame      |       |     2 |    20 ||    22
       Conjure Flame     |       |       |     3 ||     3
       Fireball          |       |       |     4 ||     4
 Abil: Breathe Noxious F |       |       |     2 ||     2
 Stab: Sleeping          |       |       |     2 ||     2
  Eat: Chunk             |     3 |     6 |    12 ||    21
       Ration            |       |     2 |     2 ||     4
Armor: Skin              |    10 |    24 |   107 ||   141
Dodge: Dodged            |    24 |    68 |   117 ||   209

Table legend:
 A = Spawn XP
 B = Non-spawn XP
 C = Spawn XP percentage of total XP
 D = Spawn monster count
 E = Non-spawn monster count
 F = Spawn count percentage of total count
 G = Total turns spent on level
                    A         B        C        D         E        F      G
               +---------+---------+-------+---------+---------+-------+---------
         Total |       0 |    4927 |   0.0 |       0 |     176 |   0.0 | 10248
               +---------+---------+-------+---------+---------+-------+---------
           D:1 |       0 |      41 |   0.0 |       0 |      23 |   0.0 |  1323
           D:2 |       0 |      70 |   0.0 |       0 |      14 |   0.0 |   985
           D:3 |       0 |     147 |   0.0 |       0 |      22 |   0.0 |  1843
           D:4 |       0 |    1100 |   0.0 |       0 |      40 |   0.0 |  2096
           D:5 |       0 |    1824 |   0.0 |       0 |      43 |   0.0 |  2392
           D:6 |       0 |    1497 |   0.0 |       0 |      30 |   0.0 |  1482
           D:7 |       0 |     248 |   0.0 |       0 |       4 |   0.0 |    29
               +---------+---------+-------+---------+---------+-------+---------
